 Dungeon Crawl Stone Soup version 0.23-a0-650-ga4d50d4 (webtiles) character file.

69907 WombleKiller the Tortoise (level 15, -1/113 HPs)
             Began as a Barachi Skald on Jan 3, 2019.
             Was a High Priest of Elyvilon.
             Slain by a two-headed ogre
             ... wielding a cursed -2 giant club
              (10 damage)
             ... while paralysed by an ogre mage
             ... on level 2 of the Orcish Mines on Jan 4, 2019.
             The game lasted 02:49:21 (28295 turns).

WombleKiller the Tortoise (Barachi Skald)          Turns: 28295, Time: 02:49:23

Health: -1/113     AC: 23    Str: 16    XL:     15   Next: 31%
Magic:  24/25      EV:  2    Int: 13    God:    Elyvilon [*****.]
Gold:   2122       SH:  0    Dex: 13    Spells: 17/28 levels left

rFire    + + +     SeeInvis .   M - +6 scimitar
rCold    + . .     Gourm    .   (no shield)
rNeg     . . .     Faith    .   y - +7 Kryia's mail coat {PotionHeal*2 rC+}
rPois    .         Spirit   .   C - +2 helmet
rElec    +         Reflect  .   j - -3 cloak "Boar" {rElec rF+++ Dex-2 Stlth+}
rCorr    +         Harm     .   F - +2 pair of gloves
MR       +....                  (no boots)
Stlth    +.........             L - amulet of regeneration
HPRegen  0.68/turn              G - ring of resist corrosion
MPRegen  0.19/turn              f - ring of wizardry

@: paralysed, confusing touch, slow
A: +LOS, swims, slowness 1, strong legs 2
a: Hop, Lesser Healing, Heal Other, Purification, Greater Healing, Divine
Vigour, Divine Protection, Renounce Religion


You were on level 2 of the Orcish Mines.
You worshipped Elyvilon.
Elyvilon was extremely pleased with you.
You were very hungry.

You visited 3 branches of the dungeon, and saw 21 of its levels.
You also visited: Sewer and Volcano.

You collected 2122 gold pieces.

Inventory:

Hand Weapons
 x - a +1 spear of piercing
 H - a +2 falchion of freezing
 M - a +6 scimitar (weapon)
 X - a +2 fustibalus of flaming
Missiles
 n - 691 stones
 s - 11 javelins (quivered)
 z - 6 tomahawks
 K - 2 throwing nets
Armour
 j - the -3 cloak "Boar" (worn) {rElec rF+++ Dex-2 Stlth+}
   (You found it on level 9 of the Dungeon)

   It affects your dexterity (-2).
   It renders you almost immune to fire.
   It insulates you from electricity.
   It makes you more stealthy.
 p - a +2 cloak
 t - a scarf of cloud immunity
 u - a +2 ring mail of poison resistance
 y - the +7 Kryia's mail coat (worn) {PotionHeal*2 rC+}
   (You found it on level 4 of the Dungeon)

   It protects you from cold.
 C - a +2 helmet (worn)
 F - a +2 pair of gloves (worn)
 U - a scarf of repulsion
Jewellery
 b - an uncursed ring of fire
 f - a ring of wizardry (right hand)
 G - a ring of resist corrosion (left hand)
 L - an amulet of regeneration (around neck)
 O - an uncursed ring of flight
 Q - an uncursed ring of fire
Wands
 q - a wand of disintegration (3)
 B - a wand of iceblast (6)
 N - a wand of enslavement (18)
 R - a wand of scattershot (8)
 W - a wand of flame (15)
 Y - a wand of polymorph (9)
Scrolls
 c - 13 scrolls of remove curse
 g - 3 scrolls of enchant armour
 h - 2 scrolls of magic mapping
 l - a scroll of fog
 D - a scroll of blinking
 J - 4 scrolls of fear
Potions
 a - a potion of agility
 e - 2 potions of resistance {unknown}
 k - 6 potions of heal wounds
 m - 2 potions of magic
 o - 11 potions of curing
 r - 10 potions of flight
 v - a potion of ambrosia
 w - 4 potions of cancellation
 E - 2 potions of haste
 I - a potion of lignification {unknown}
 P - a potion of brilliance {unknown}
 S - a potion of mutation {unknown}
Miscellaneous
 T - a lightning rod (4/4)
Comestibles
 d - 32 rations
 i - 2 chunks of flesh


   Skills:
 - Level 9.2 Fighting
 - Level 14.0 Long Blades
 - Level 15.0 Armour
 + Level 5.0 Dodging
 - Level 0.1 Stealth
 - Level 7.0 Spellcasting
 - Level 9.7 Conjurations
 - Level 8.1 Hexes
   Level 3.2 Charms
 - Level 9.1 Fire Magic
 - Level 9.2 Invocations


You had 17 spell levels left.
You knew the following spells:

 Your Spells              Type           Power        Failure   Level  Hunger
b - Confusing Touch       Hex            ####..       1%          1    None
c - Confuse               Hex            ####....     1%          3    ##.....
d - Conjure Flame         Conj/Fire      ####....     1%          3    ##.....
e - Sticky Flame          Conj/Fire      ####....     3%          4    ####...

Your spell library contained the following spells:

 Spells                   Type           Power        Failure   Level  Hunger
 Corona                   Hex            ####...      1%          1    None
 Flame Tongue             Conj/Fire      ####.        1%          1    None
 Slow                     Hex            ####....     1%          2    #......
 Throw Flame              Conj/Fire      ####..       1%          2    #......
 Inner Flame              Hex/Fire       ####....     1%          3    ##.....
 Infusion                 Chrm           ##..         4%          1    None
 Spectral Weapon          Hex/Chrm       ###.....     4%          3    ##.....
 Cause Fear               Hex            ####......   5%          4    ####...
 Song of Slaying          Chrm           ##......     6%          2    #......
 Portal Projectile        Hex/Tloc       ###...       9%          3    ##.....
 Summon Guardian Golem    Hex/Summ       ###.....     9%          3    ##.....
 Fireball                 Conj/Fire      ####......   9%          5    ######.
 Shroud of Golubria       Chrm/Tloc      #.........   12%         2    #......
 Beastly Appendage        Tmut           #.....       16%         1    None
 Summon Small Mammal      Summ           #...         16%         1    None
 Call Imp                 Summ           #.......     22%         2    #......
 Sticks to Snakes         Tmut           #.......     22%         2    #......
 Regeneration             Chrm/Necr      #.........   22%         3    ##.....
 Leda's Liquefaction      Hex/Erth       ###.......   26%         4    ####...
 Call Canine Familiar     Summ           #.......     38%         3    ##.....
 Gell's Gravitas          Tloc           #.........   38%         3    ##.....
 Spider Form              Tmut/Pois      #.........   38%         3    ##.....
 Metabolic Englaciation   Hex/Ice        ###.......   58%         5    ######.
 Yara's Violent Unravell  Hex/Tmut       ###.......   58%         5    ######.
 Ice Form                 Ice/Tmut       #.......     78%         4    ####...
 Petrify                  Tmut/Erth      #.......     78%         4    ####...
 Summon Ice Beast         Ice/Summ       #.......     78%         4    ####...
 Summon Lightning Spire   Summ/Air       #.......     78%         4    ####...
 Blade Hands              Tmut           #.........   98%         5    ######.


Dungeon Overview and Level Annotations

Branches:
Dungeon (13/15)            Temple (0/1) D:5            Lair (6/6) D:8
  Swamp (0/4) Lair:3       Spider (0/4) Lair:3        Slime (0/5) Lair:6
    Orc (2/2) D:12            Elf (0/3) Orc:2
 Vaults: D:13-14

Altars:
Dithmenos
Elyvilon
Gozag
Kikubaaqudgha
Makhleb
Nemelex Xobeh
Qazlal
Sif Muna
Uskayaw
Vehumet
Yredelemnul
The Shining One
Beogh
Jiyva

Shops:
D:7 (

Annotations:
D:3 4 runed doors, Ereth's ghost, amateur HaFi
D:4 exclusion: downstairs
D:8 exclusion: statue
D:9 exclusion: downstairs
Lair:1 exclusion: downstairs
Lair:2 exclusion: downstairs
Lair:3 exclusion: downstairs
Lair:6 1 runed door
Orc:2 Donald


Innate Abilities, Weirdness & Mutations

Shadows flee at your approach. (+LOS)
You can swim through water.
You cover ground slowly.
You can hop long distances.


Message History

The two-headed ogre hits you with a +0 giant spiked club.
The ogre hits you but does no damage.
You hit the two-headed ogre but do no damage.
The two-headed ogre is lightly wounded.
The ogre mage hits you but does no damage.
The ogre hits you with a +0 giant club!
The two-headed ogre hits you but does no damage.
The two-headed ogre hits you with a +0 giant spiked club!
* * * LOW HITPOINT WARNING * * *
You hit the two-headed ogre but do no damage.
The two-headed ogre is lightly wounded.
The ogre mage closely misses you.
You hit the two-headed ogre but do no damage.
The two-headed ogre is lightly wounded.
The ogre mage gestures at you while chanting.
You suddenly lose the ability to move!
The ogre hits you with a +0 giant club!!
* * * LOW HITPOINT WARNING * * *
The two-headed ogre hits you with a cursed -2 giant club!
You die...

#.......###.##.#............#
................#...........#
#...........#..#..............O
.#................O...##.......O
....#................#......#.O.
.#..............##..#.......##..
.##.............#O..##...#..# ##
................)#...........
........#.......@O........
.................O....#...
..........#...............
......#...)....)..)..#...
.......)........##.#.# ..
.......[.........##....
......).........## #.##.#
......<...)......# ## #
..................#


You could see a two-headed ogre, an ogre mage and an ogre.

Vanquished Creatures
  2 entropy weavers (Lair:4)
  Nessos (Lair:4)
  4 dire elephants (Lair:6)
  2 ogre magi
  A fire dragon (Volcano)
  Erolcha (D:9)
  The ghost of zkyp the Nimble, a journeyman DrMo of Kikubaaqudgha (D:9)
  4 two-headed ogres
  9 death yaks
  An anaconda (Lair:6)
  A queen ant (Lair:4)
  A hell hog (Volcano)
  Sonja (Lair:3)
  A skeletal warrior (D:12)
  The ghost of Gorice the Eclecticist, a novice DEWz of Sif Muna (Lair:1)
  An unseen horror (D:10)
  A wizard (D:13)
  3 ugly things
  A manticore (D:12)
  A cyclops (D:12)
  10 elephants
  3 black mambas
  A torpor snail (Lair:6)
  A molten gargoyle (Volcano)
  12 spiny frogs
  2 centaur skeletons
  5 komodo dragons
  3 rime drakes
  A hellwing (D:13)
  5 trolls
  A polar bear (Lair:6)
  A queen bee (D:13)
  A meliai (D:13)
  13 blink frogs
  Grinder (D:4)
  7 hippogriffs
  9 dream sheep
  A vampire (D:12)
  A spriggan (D:10)
  A wraith (D:12)
  50 yaks
  8 fire bats (Volcano)
  2 wyverns
  12 humans (D:13)
  A hungry ghost (D:9)
  2 steam dragons (Volcano)
  A basilisk (Lair:6)
  5 vampire mosquitoes (D:13)
  6 soldier ants
  2 wargs (Orc:1)
  2 hell hounds (Volcano)
  Duvessa (D:7)
  17 porcupines
  8 water moccasins
  6 ice beasts
  A necrophage (Sewer)
  4 black bears
  18 orc warriors
  2 sky beasts
  2 phantoms
  24 ogres
  2 wolves (D:8)
  6 centaurs
  17 crocodiles
  Blork the orc (D:4)
  A big kobold (D:10)
  12 bullfrogs
  Dowan (D:7)
  A water moccasin skeleton (D:9)
  2 scorpions
  14 killer bees
  3 electric eels (Lair:3)
  A howler monkey (D:12)
  7 wights
  6 lava snakes (Volcano)
  3 bullfrog zombies
  5 crimson imps
  2 centaur zombies
  5 hounds
  Crazy Yiuf (D:2)
  2 jellies
  15 orc priests
  A gnoll shaman (D:9)
  17 orc wizards
  6 iguanas
  28 worker ants
  Terence (D:2)
  A killer bee zombie (D:10)
  A big kobold zombie (Sewer)
  A howler monkey zombie (D:8)
  A worker ant zombie (D:11)
  A howler monkey skeleton (D:8)
  Robin (D:3)
  14 gnolls
  17 adders
  10 shadow imps
  4 ufetubi (Sewer)
  4 oozes
  An adder zombie (D:8)
  3 adder skeletons
  3 worms
  2 dart slugs
  6 leopard geckos
  55 orcs
  4 ball pythons (Sewer)
  15 giant cockroaches
  11 hobgoblins
  14 jackals
  5 quokkas
  6 bats
  3 frilled lizards
  20 goblins
  A goblin zombie (D:3)
  29 kobolds
  2 kobold zombies (Sewer)
  A leopard gecko skeleton (D:5)
  A quokka zombie (D:6)
  12 rats
  2 plants (Lair:6)
702 creatures vanquished.

Vanquished Creatures (others)
  A hydra (Lair:1)
  A spiny frog (Lair:1)
  A komodo dragon (Lair:1)
  A porcupine (Lair:1)
  2 water moccasins (Lair:1)
  A bullfrog (Lair:1)
  2 adders (Lair:1)
  A quokka (D:2)
  15 fungi
  10 plants
35 creatures vanquished.

Grand Total: 737 creatures vanquished

Notes
Turn   | Place    | Note
-------+----------+-------------------------------------------
     0 | D:1      | WombleKiller the Barachi Skald began the quest for the Orb.
     0 | D:1      | Reached XP level 1. HP: 17/17 MP: 3/3
   370 | D:1      | Reached XP level 2. HP: 23/23 MP: 5/5
   622 | D:1      | Reached XP level 3. HP: 25/28 MP: 6/6
  1459 | D:2      | Found a white marble altar of Elyvilon.
  1478 | D:2      | Reached skill level 2 in Armour
  1495 | D:2      | Reached XP level 4. HP: 33/34 MP: 7/7
  1499 | D:2      | Became a worshipper of Elyvilon the Healer
  1985 | D:2      | Reached skill level 5 in Long Blades
  2059 | D:2      | Noticed Terence
  2077 | D:2      | Killed Terence
  2149 | D:2      | Reached XP level 5. HP: 37/39 MP: 8/8
  2296 | D:2      | Found a runed door.
  2440 | D:3      | Reached * piety under Elyvilon
  2517 | D:3      | Noticed Robin
  2562 | D:3      | Killed Robin
  2854 | D:3      | Found a runed gate.
  2854 | D:3      | Identified the cursed +1 short sword of Uskayaw's Scorn
                  | {venom, rC+}
  2854 | D:3      | Noticed Ereth's ghost (amateur HaFi)
  2855 | D:3      | Found a runed gate.
  2855 | D:3      | Found a runed gate.
  2857 | D:3      | Noticed a big kobold
  2939 | D:3      | Found a runed door.
  2939 | D:3      | Noticed a human
  2948 | D:3      | Found a basalt altar of Yredelemnul.
  3169 | D:4      | Reached skill level 3 in Armour
  3175 | D:4      | Reached XP level 6. HP: 35/46 MP: 9/9
  3542 | D:4      | Reached ** piety under Elyvilon
  3542 | D:4      | Noticed Blork the orc
  3557 | D:4      | Killed Blork the orc
  3557 | D:4      | Reached XP level 7. HP: 50/51 MP: 2/10
  3629 | D:4      | Found the +7 Kryia's mail coat {PotionHeal*2 rC+}
  3695 | D:4      | Noticed Grinder
  3714 | D:4      | Killed Grinder
  3714 | D:4      | Reached skill level 4 in Armour
  3856 | D:5      | Entered Level 5 of the Dungeon
  4183 | D:5      | Reached skill level 1 in Invocations
  4183 | D:5      | Reached XP level 8. HP: 5/57 MP: 11/11
  4234 | D:5      | Found a glowing drain.
  4253 | Sewer    | Entered a sewer
  4547 | Sewer    | Found an ancient bone altar of Kikubaaqudgha.
  5444 | D:5      | Found a staircase to the Ecumenical Temple.
  5447 | D:5      | Reached skill level 10 in Long Blades
  5602 | D:5      | Reached skill level 5 in Armour
  5757 | D:6      | Found a stormy altar of Qazlal.
  5760 | D:6      | Found a shadowy altar of Dithmenos.
  5763 | D:6      | Found a sparkling altar of Nemelex Xobeh.
  5766 | D:6      | Found a deep blue altar of Sif Muna.
  5808 | D:6      | Reached *** piety under Elyvilon
  6329 | D:6      | Noticed a +0 dagger
  6330 | D:6      | Found a hide-covered altar of Uskayaw.
  6330 | D:6      | Noticed a +0 hand axe
  6508 | D:6      | Found an ancient bone altar of Kikubaaqudgha.
  6824 | D:7      | Noticed a hippogriff
  6843 | D:7      | Killed a hippogriff
  6843 | D:7      | Reached XP level 9. HP: 56/66 MP: 12/12
  6920 | D:7      | Found a shadowy altar of Dithmenos.
  7331 | D:7      | Noticed Dowan
  7501 | D:7      | Noticed Duvessa
  7523 | D:7      | Killed Duvessa
  7523 | D:7      | Reached skill level 5 in Fighting
  7523 | D:7      | Reached skill level 6 in Armour
  7553 | D:7      | Killed Dowan
  7582 | D:7      | Reached **** piety under Elyvilon
  7601 | D:7      | Found Noonasm's Weapon Emporium.
  8201 | D:2      | Noticed Crazy Yiuf
  8211 | D:2      | Killed Crazy Yiuf
  8768 | D:8      | Reached skill level 7 in Armour
  9099 | D:8      | Reached XP level 10. HP: 44/76 MP: 13/13
  9250 | D:8      | Found a staircase to the Lair.
  9650 | D:8      | Found a white marble altar of Elyvilon.
  9811 | D:8      | Found a radiant altar of Vehumet.
  9846 | D:8      | Found a glowing golden altar of the Shining One.
 10418 | D:9      | Noticed Erolcha
 10422 | D:9      | Killed Erolcha
 10422 | D:9      | Reached skill level 5 in Invocations
 10741 | D:9      | Reached ***** piety under Elyvilon
 10811 | D:9      | Found a burning altar of Makhleb.
 10811 | D:9      | Found an opulent altar of Gozag.
 11097 | D:9      | Found a runed gate.
 11098 | D:9      | Found a runed gate.
 11099 | D:9      | Found a runed gate.
 11099 | D:9      | Noticed zkyp's ghost (journeyman DrMo)
 11101 | D:9      | Identified the cursed +1 chain mail of Misanthropy
                  | {*Corrode Int+5 Slay+4}
 11103 | D:9      | Found a roughly hewn altar of Beogh.
 11506 | D:9      | Killed zkyp's ghost
 11506 | D:9      | Reached XP level 11. HP: 86/86 MP: 15/15
 11614 | D:9      | Got a bloodstained cloak
 11615 | D:9      | Identified the cursed -3 cloak "Boar" {rElec rF+++ Dex-2
                  | Stlth+} (You found it on level 9 of the Dungeon)
 11677 | D:10     | Entered Level 10 of the Dungeon
 12271 | D:10     | Learned a level 1 spell: Confusing Touch
 12520 | D:10     | Reached skill level 8 in Armour
 12907 | D:11     | Reached skill level 1 in Hexes
 13085 | D:11     | Noticed a two-headed ogre
 13099 | D:11     | Killed a two-headed ogre
 13396 | D:11     | Reached skill level 9 in Armour
 13715 | D:11     | Reached ****** piety under Elyvilon
 13806 | D:11     | Found the +5 demon whip "Spellbinder" {antimagic, MR+}
 13806 | D:11     | Noticed a green ugly thing
 13821 | D:11     | Killed a green ugly thing
 14129 | D:12     | Found a staircase to the Orcish Mines.
 14221 | D:12     | Found a deep blue altar of Sif Muna.
 14415 | D:12     | Noticed a manticore
 14457 | D:12     | Killed a manticore
 14582 | D:12     | Noticed a skeletal warrior
 14610 | D:12     | Killed a skeletal warrior
 14610 | D:12     | Reached skill level 5 in Spellcasting
 14820 | D:12     | Reached skill level 5 in Hexes
 14820 | D:12     | Reached XP level 12. HP: 54/95 MP: 19/19
 15449 | D:13     | Learned a level 3 spell: Confuse
 15461 | D:13     | Learned a level 3 spell: Conjure Flame
 15857 | D:13     | HP: 3/95 [orc warrior/+0 mace (3)]
 16063 | D:12     | Reached skill level 10 in Armour
 16273 | D:13     | Reached skill level 1 in Conjurations
 16273 | D:13     | Reached skill level 1 in Fire Magic
 16567 | Lair:1   | Entered Level 1 of the Lair of Beasts
 16696 | Lair:1   | Found a runed door.
 16696 | Lair:1   | Noticed Gorice's ghost (novice DEWz)
 16783 | Lair:1   | Noticed a seven-headed hydra
 16793 | Lair:1   | Pacified a seven-headed hydra
 16991 | Lair:1   | Noticed a five-headed hydra
 16992 | Lair:1   | Pacified a five-headed hydra
 16992 | Lair:1   | Reached skill level 11 in Armour
 17017 | Lair:1   | Killed a four-headed hydra
 17566 | Lair:1   | Killed Gorice's ghost
 17675 | Lair:2   | Gained mutation: You can hop long distances. [Barachi
                  | growth]
 17675 | Lair:2   | Reached XP level 13. HP: 86/101 MP: 20/22
 18177 | Lair:2   | Reached skill level 5 in Conjurations
 19454 | Lair:3   | Reached skill level 5 in Fire Magic
 19835 | Lair:3   | Found a staircase to the Swamp.
 19837 | Lair:3   | Noticed Sonja
 19840 | Lair:3   | Killed Sonja
 19881 | Lair:3   | Found a hole to the Spider Nest.
 21009 | Lair:4   | Learned a level 4 spell: Sticky Flame
 21368 | Lair:4   | Noticed an entropy weaver
 21390 | Lair:4   | Noticed Nessos
 22065 | Lair:4   | Killed Nessos
 22065 | Lair:4   | Reached XP level 14. HP: 32/108 MP: 21/23
 22360 | Lair:4   | Killed an entropy weaver
 22693 | Lair:4   | Noticed an entropy weaver
 22713 | Lair:4   | Killed an entropy weaver
 24178 | Lair:6   | Entered Level 6 of the Lair of Beasts
 24732 | Lair:6   | Found a runed door.
 24732 | Lair:6   | Found a viscous altar of Jiyva.
 24732 | Lair:6   | Noticed an acid blob
 24733 | Lair:6   | Found a staircase to the Slime Pits.
 24733 | Lair:6   | Noticed an acid blob
 24848 | Lair:5   | Reached skill level 12 in Armour
 26210 | Lair:6   | Noticed a dire elephant
 26210 | Lair:6   | Noticed a dire elephant
 26237 | Lair:6   | Killed a dire elephant
 26237 | Lair:6   | Reached skill level 13 in Armour
 26248 | Lair:6   | Killed a dire elephant
 26439 | Lair:6   | Noticed a dire elephant
 26511 | Lair:6   | Killed a dire elephant
 26638 | Lair:6   | Noticed a dire elephant
 26704 | Lair:6   | Killed a dire elephant
 27026 | Orc:1    | Entered Level 1 of the Orcish Mines
 27078 | Orc:1    | Found a dark tunnel.
 27104 | Volcano  | Entered a volcano
 27156 | Volcano  | Reached XP level 15. HP: 102/113 MP: 25/25
 27233 | Volcano  | Found a bloodstained altar of Trog.
 27255 | Volcano  | Reached skill level 14 in Armour
 27506 | Orc:2    | Entered Level 2 of the Orcish Mines
 27613 | Orc:2    | Found a staircase to the Elven Halls.
 27792 | Orc:1    | Noticed an orc warlord
 27884 | Orc:2    | Noticed Donald
 27990 | Orc:2    | Reached skill level 15 in Armour
 28287 | Orc:2    | Reached skill level 5 in Dodging
 28295 | Orc:2    | Paralysed by an ogre mage for 3 turns
 28295 | Orc:2    | Slain by a two-headed ogre

Vault maps used:
D:1:      dpeg_arrival_ratfight, minmay_worlds_worst_comb
D:2:      elyvilon_altar_4, uniq_terence, uniq_crazy_yiuf_cottage
D:3:      gammafunk_ghost_nasty_kobolds, first_ration, dk_yredelemnul_ordeal,
          uniq_robin
D:4:      uniq_blork_the_orc, uniq_grinder
D:5:      minmay_temple_entry_nine_rooms, gup_sewer_entry_pipe
D:6:      dancing_weapons_uskayaw, grunt_temple_overflow_cloverleaf, basic_altar
D:7:      serial_shops, nicolae_shop_statue_plus,
          grunt_dithmenos_smoke_and_mirrors, uniq_duvessa
D:8:      lemuel_doored_altar, lemuel_coloured_pillars_altar, vehumet_statue,
          minmay_lair_entry_grove
D:9:      gammafunk_temple_overflow_wave, biasface_ghost_orc_armoury,
          uniq_erolcha
D:10:     the_bakery, corexii_checkpoint_a, kennysheep_path_1
D:11:     serial_column_ruins, column_ruins_open_tiny, column_ruins_open_small,
          column_ruins_open_tiny, column_ruins_open_large
D:12:     minmay_razor_zed, orc_0_dummy, lemuel_statue_altar
D:13:     kennysheep_demon_hangout, grunt_vaults_entry_tiered, special_room
Lair:1:   minmay_lair_venomous_thicket, gammafunk_ghost_grave
Lair:2:   minivault_19, beast_lair_carwin_2
Lair:3:   swamp_mist, dummy_spider_entry, minivault_26, grunt_megastairs_5,
          serial_bayou_shore_a, uniq_sonja
Lair:4:   minmay_another_anthill, lemuel_fruit_tree, uniq_nessos
Lair:5:   st_stairs_9, grunt_megastairs_1, infiniplex_staircase_pool_2
Lair:6:   due_jungle_book, slime_altar_2, serial_bayou_pond_c
Orc:1:    nicolae_volcano_entry_two_sided, portal_ice_cave_entry_ice_beasts
Orc:2:    st_orc_ogre_mass, chequers_guarded_unrand_ignorance, uniq_donald
Sewer:    kennysheep_sewer_church
Volcano:  volcano_grotto

Skill      XL: |  1  2  3  4  5  6  7  8  9 10 11 12 13 14 15 |
---------------+----------------------------------------------+-----
Long Blades    | 3 4 5 6 7 9 10 12 13 14 | 14.0
Armour         | 2 3 4 5 7 9 11 13 15 | 15.0
Invocations    | 1 2 4 5 6 7 9 |  9.2
Fighting       | 4 6 8 9 |  9.2
Dodging        | 3 4 5 |  5.0
Hexes          | 5 8 |  8.1
Spellcasting   | 5 6 7 |  7.0
Conjurations   | 3 9 |  9.7
Fire Magic     | 3 8 9 |  9.1
Stealth        | |  0.1
Charms         | |  3.2

Action                   |  1- 3 |  4- 6 |  7- 9 | 10-12 | 13-15 || total
-------------------------+-------+-------+-------+-------+-------++-------
Melee: Falchion          |   159 |    22 |       |   265 |       ||   446
       Long sword        |       |   229 |   556 |    55 |       ||   840
       Scimitar          |       |       |       |   661 |  1286 ||  1947
Throw: Stone             |       |    14 |   179 |       |    25 ||   218
       Tomahawk          |       |     5 |    27 |    35 |       ||    67
       Javelin           |       |       |       |    13 |    54 ||    67
 Cast: Infusion          |       |     1 |       |       |       ||     1
       Confusing Touch   |       |       |       |    61 |   134 ||   195
       Conjure Flame     |       |       |       |       |    37 ||    37
       Sticky Flame      |       |       |       |       |    11 ||    11
Invok: Lesser Healing    |       |       |     5 |       |     1 ||     6
       Greater Healing   |       |       |     2 |     7 |    21 ||    30
       Heal Other        |       |       |       |     6 |     1 ||     7
       Purification      |       |       |       |     1 |       ||     1
 Abil: Hop               |       |     1 |     5 |     6 |    12 ||    24
Evoke: Wand              |       |       |     3 |     1 |     7 ||    11
  Use: Scroll            |       |       |    13 |    12 |    14 ||    39
       Potion            |       |       |     2 |     7 |     9 ||    18
 Stab: Invisible         |       |       |       |     5 |     7 ||    12
       Confused          |       |       |       |    17 |    69 ||    86
  Eat: Chunk             |     3 |     8 |    21 |    30 |    27 ||    89
       Ration            |       |       |       |     3 |     6 ||     9
Armor: Leather armour    |    11 |       |       |       |       ||    11
       Chain mail        |   118 |    55 |       |   469 |   314 ||   956
       Ring mail         |       |    75 |       |       |       ||    75
       Scale mail        |       |       |   374 |   120 |   505 ||   999
Dodge: Dodged            |    62 |   131 |   270 |   346 |   620 ||  1429
       Deflected         |       |       |       |       |     5 ||     5
       Rpst.: Falchion   |    21 |       |       |    28 |       ||    49
       Long sword        |       |    37 |    75 |     4 |       ||   116
       Scimitar          |       |       |       |    68 |   155 ||   223

Table legend:
 A = Non-vault XP
 B = Vault XP
 C = Vault XP percentage of total XP
 D = Non-vault monster count
 E = Vault monster count
 F = Vault count percentage of total count
                 A         B        C        D         E       F
            +---------+---------+-------+---------+---------+-------
      Total |   61433 |   36956 |  37.6 |     467 |     234 |  33.4
            +---------+---------+-------+---------+---------+-------
        D:1 |      37 |      11 |  22.9 |      19 |       8 |  29.6
        D:2 |      86 |      74 |  46.2 |      33 |       2 |   5.7
        D:3 |      50 |      38 |  43.2 |      19 |      13 |  40.6
        D:4 |     301 |     372 |  55.3 |      15 |       2 |  11.8
        D:5 |     450 |      14 |   3.0 |      17 |       6 |  26.1
        D:6 |     413 |       0 |   0.0 |      24 |       0 |   0.0
        D:7 |    1097 |     225 |  17.0 |      12 |       2 |  14.3
        D:8 |     786 |    1410 |  64.2 |      19 |      13 |  40.6
        D:9 |    1906 |    2445 |  56.2 |      28 |      12 |  30.0
       D:10 |    2956 |     218 |   6.9 |      28 |       3 |   9.7
       D:11 |    3353 |       0 |   0.0 |      31 |       0 |   0.0
       D:12 |    3113 |    1849 |  37.3 |      18 |      11 |  37.9
       D:13 |    1324 |    4430 |  77.0 |      12 |      27 |  69.2
     Lair:1 |    2064 |    1294 |  38.5 |      12 |       8 |  40.0
     Lair:2 |    5120 |     525 |   9.3 |      20 |       4 |  16.7
     Lair:3 |    9180 |    1262 |  12.1 |      25 |       4 |  13.8
     Lair:4 |    4361 |    6402 |  59.5 |      20 |      30 |  60.0
     Lair:5 |    7383 |    1856 |  20.1 |      27 |       7 |  20.6
     Lair:6 |   14342 |    2722 |  16.0 |      42 |       5 |  10.6
      Orc:1 |    1790 |    1854 |  50.9 |      22 |       2 |   8.3
      Orc:2 |    1321 |    4871 |  78.7 |      24 |      20 |  45.5
      Sewer |       0 |     364 | 100.0 |       0 |      34 | 100.0
    Volcano |       0 |    4720 | 100.0 |       0 |      21 | 100.0
            +---------+---------+-------+---------+---------+-------
